 Dungeon Crawl Stone Soup version 0.31-a0-1611-g890cdf5628 (webtiles) character file.

Game seed: 14012433004800348975

56913 Curundu the Impregnable (level 14, -5/136 HPs)
             Began as a Minotaur Berserker on Jan 9, 2024.
             Was an Elder of Trog.
             Succumbed to a green very ugly thing's poison
             ... on level 1 of the Depths.
             The game lasted 01:29:07 (21638 turns).

Curundu the Impregnable (Minotaur Berserker)       Turns: 21638, Time: 01:29:07

Health: -5/136     AC: 28    Str: 32    XL:     14   Next: 43%
Magic:  22/22      EV: 15    Int:  1    God:    Trog [****..]
Gold:   932        SH: 10    Dex: 11    Spells: 13/13 levels left

rFire   . . .        O - +5 war axe
rCold   . . .        v - +0 tower shield
rNeg    . . .        N - +8 chain mail of the Well-Known Wishes {Str+3}
rPois   .            B - +0 hat "Urykk" {Fly MP+9 Str+3}
rElec   .            (no cloak)
rCorr   .            d - +0 pair of gloves
SInv    +            H - +0 pair of boots
Will    +++++        a - necklace of Bloodlust {Fury *Rage Will++ Int-3 Slay+6} Stlth
                     S - ring of see invisible
HPRegen 1.42/turn    l - +5 ring of evasion
MPRegen 0.18/turn

%: random rage (50%)
@: lethally poisoned (-5 -> -42), strong-willed, on berserk cooldown, flying,
regenerating, slowed, very slow
A: horns 2, retaliatory headbutt
a: Renounce Religion, Berserk, Trog's Hand, Brothers in Arms


You were on level 1 of the Depths.
You worshipped Trog.
Trog was greatly pleased with you.
You visited 2 branches of the dungeon, and saw 16 of its levels.

You collected 1656 gold pieces.
You spent 724 gold pieces at shops.

Inventory:

Hand Weapons
 j - a +1 scimitar of flaming
 O - a +5 war axe (weapon)
Missiles
 h - 2 boomerangs
 p - 21 poisoned darts
 M - 3 throwing nets
 Q - 2 javelins
 R - 2 silver javelins
Armour
 d - a +0 pair of gloves (worn)
 o - a +0 plate armour of willpower
 v - a +0 tower shield (worn)
 B - the +0 hat "Urykk" (worn) {Fly MP+9 Str+3}
   (You acquired it on level 12 of the Dungeon)

   Str+3:     It affects your strength (+3).
   MP+9:      It affects your magic capacity (+9).
   Fly:       It grants you flight.
 H - a +0 pair of boots (worn)
 N - the +8 chain mail of the Well-Known Wishes (worn) {Str+3}
   (You found it on level 14 of the Dungeon)

   Str+3:     It affects your strength (+3).
Jewellery
 a - the necklace of Bloodlust (around neck) {Fury *Rage Will++ Int-3 Slay+6}
   (You bought it in a shop on level 11 of the Dungeon)

   [amulet of nothing]

   Fury:      It extends the wearer's berserk rage when killing foes.
   Int-3:     It affects your intelligence (-3).
   Slay+6:    It affects your accuracy & damage with ranged weapons and melee
   (+6).
   Will++:    It greatly increases your willpower.
   *Rage:     It berserks you when you make melee attacks (+50% chance).
 e - a ring of poison resistance
 l - a +5 ring of evasion (right hand)
 r - a ring of magical power
 A - an amulet of regeneration
 E - a ring of protection from cold
 L - a ring of resist corrosion
 S - a ring of see invisible (left hand)
Wands
 C - a wand of flame (33)
 D - a wand of charming (4) (quivered)
 P - a wand of iceblast (7)
Scrolls
 f - 7 scrolls of teleportation
 k - a scroll of silence
 q - 4 scrolls of poison
 t - 2 scrolls of revelation
 w - a scroll of enchant armour {unknown}
 y - 2 scrolls of fear
Potions
 b - 3 potions of ambrosia
 i - 2 potions of lignification
 n - 6 potions of curing
 s - a potion of enlightenment {unknown}
 u - 3 potions of brilliance
 F - a potion of resistance {unknown}
 G - 3 potions of might
 I - 3 potions of degeneration
 J - 2 potions of invisibility
 T - a potion of cancellation {unknown}


   Skills:
 + Level 15.9 Fighting
 - Level 16.8 Axes
 + Level 22.1 Armour
 - Level 6.3 Dodging


You had 13 spell levels left.
You didn't know any spells.
Your spell library contained the following spells:

 Spells                   Type           Power      Damage    Failure   Level
 Fugue of the Fallen      Necr           0%         N/A       100%        3
 Ozocubu's Armour         Ice            0%         N/A       100%        3
 Manifold Assault         Tloc           0%         N/A       100%        4


Dungeon Overview and Level Annotations

Branches:
Dungeon (15/15)            Temple (0/1) D:6            Lair (0/5) D:11
    Orc (0/2) D:10         Vaults (0/5) D:13         Depths (1/4) D:15

Altars:
Cheibriados
Elyvilon
Fedhas
Gozag
Makhleb
Okawaru
Qazlal
Sif Muna
Trog
Vehumet
Xom
Yredelemnul
Zin

Shops:
D:1 (   D:2 (   D:4 *   D:5 (   D:11 =   D:12 :

Portals:
Hell: Depths:1
Abyss: Depths:1
Bailey: D:7

Annotations:
D:5 3 runed translucent doors, grandjackal's ghost, novice DsGl
D:11 1 runed translucent door, wildpjah's ghost, novice DsGl


Innate Abilities, Weirdness & Mutations

You have a pair of horns on your head.
You reflexively headbutt those who attack you in melee.


Message History

You are lethally poisoned!
The green very ugly thing poisons you!
You slash the green very ugly thing! You headbutt the green very ugly thing.
The green very ugly thing is almost dead.
You hit the green very ugly thing.
* * * LOW HITPOINT WARNING * * *
You feel extremely sick. The green very ugly thing gores you.
* * * LOW HITPOINT WARNING * * *
The green very ugly thing barely misses you.
You slice the green very ugly thing!!
You kill the green very ugly thing!
Trog accepts your kill.
You slash the green very ugly thing!
* * * LOW HITPOINT WARNING * * *
You feel extremely sick.
You slice the green very ugly thing!!
You kill the green very ugly thing!
Trog accepts your kill.
* * * LOW HITPOINT WARNING * * *
You feel extremely sick.
There is a lethal amount of poison in your body!
There is a lethal amount of poison in your body!
There is a lethal amount of poison in your body!
There is a lethal amount of poison in your body!
There is a lethal amount of poison in your body!
You are too berserk!
You are too berserk!
Unknown command.
* * * LOW HITPOINT WARNING * * *
You feel extremely sick.
You feel a strong urge to attack something.
* * * LOW HITPOINT WARNING * * *
You feel extremely sick.
Okay, then.
You are too berserk!
You are no longer berserk.
You are exhausted.
You feel yourself slow down.
You die...

##....##...#.........#.....#. #
## ##....#.......##....#.....#.
##.# ##..##.#......#.#..#.....u.
..# ####...........#..#....u##
#.# ###..##..........####.......
#.####...................##.###..
#.#..##................#......#
#.....###.....##.......#......###
####....#.......@.†....#.........
#....##......#......#.........
###............###..............
#.......###.####................
##....###...#..##............[..
###.## ....#..<#..##...........
### ........)####............
.....###.#....##......... .
...###...#.#..#..........


There were no monsters in sight!

Vanquished Creatures
  A sphinx (Depths:1)
  A balrug (Depths:1)
  2 stone giants (Depths:1)
  A reaper (Depths:1)
  4 very ugly things (Depths:1)
  An ettin (Depths:1)
  2 hydras
  2 rakshasas
  A vault guard (D:13)
  An ice dragon (Depths:1)
  A catoblepas (D:15)
  3 centaur warriors
  A dancing weapon (D:13)
  5 boulder beetles
  2 two-headed ogres
  3 tengu warriors
  A vampire mage (D:15)
  2 deep troll shamans (Depths:1)
  3 deep troll earth magi (Depths:1)
  5 hell knights (Depths:1)
  6 deep trolls (Depths:1)
  2 iron trolls (Depths:1)
  A skeletal warrior (D:9)
  An arcanist (D:13)
  3 deep elf pyromancers
  4 necromancers
  A wolf spider (D:15)
  13 ugly things
  4 cyclopes
  An orc sorcerer (D:15)
  A manticore (D:12)
  3 centaur zombies (D:15)
  A centaur skeleton (D:15)
  2 unseen horrors
  A yaktaur (D:15)
  A kobold demonologist (D:12)
  2 efreet
  2 komodo dragons
  A tengu conjurer (D:14)
  2 red devils (D:12)
  2 trolls
  A hornet (D:11)
  A raiju (shapeshifter) (D:15)
  9 slime creatures
  A shadow (D:11)
  5 wyverns (D:10)
  A ynoxinul (D:12)
  2 wraiths (D:9)
  Eustachio (D:4)
  9 yaks
  2 basilisks
  A redback (shapeshifter) (D:14)
  A steam dragon (D:10)
  6 vampire mosquitoes
  2 acid dragons
  3 water moccasins
  5 orc warriors
  A sky beast (D:7)
  2 black bears
  An ice beast (D:6)
  6 centaurs
  2 phantoms (D:6)
  3 kobold brigands
  2 bullfrogs (D:7)
  4 scorpions
  3 wights
  18 killer bees
  An electric eel (D:14)
  A quasit (D:12)
  3 hounds
  A jelly (D:6)
  3 orc priests (D:10)
  9 orc wizards
  Natasha (thrice) (D:2)
  4 iguanas
  7 adders
  A shadow imp (D:6)
  4 white imps
  2 ribbon worms
  A dart slug (D:3)
  42 orcs
  6 endoplasms
  2 giant cockroaches
  8 goblins
  4 hobgoblins
  3 quokkas
  3 ball pythons
  4 bats
  5 frilled lizards (D:8)
  12 kobolds
  2 rats (D:1)
319 creatures vanquished.

Notes
Turn   | Place    | Note
-------+----------+-------------------------------------------
     0 | D:1      | Curundu the Minotaur Berserker began the quest for the Orb.
     0 | D:1      | Reached XP level 1. HP: 19/19 MP: 0/0
    66 | D:1      | Found a faded altar of an unknown god.
   279 | D:1      | Reached XP level 2. HP: 27/27 MP: 1/1
   365 | D:1      | Found Qimood's Antique Weapon Emporium.
   668 | D:2      | Noticed Natasha
   683 | D:2      | HP: 1/27 [Natasha/magic dart (2)]
   684 | D:2      | Killed Natasha
   685 | D:2      | Reached skill level 3 in Armour
   685 | D:2      | Reached XP level 3. HP: 2/33 MP: 2/2
   817 | D:2      | Noticed Natasha
   825 | D:2      | Killed Natasha
   868 | D:2      | Reached XP level 4. HP: 41/41 MP: 3/3
   868 | D:2      | Found Icit's Weapon Shoppe.
   871 | D:2      | Found a snail-covered altar of Cheibriados.
   993 | D:2      | Reached ** piety under Trog
  1096 | D:2      | Noticed Natasha
  1103 | D:2      | Killed Natasha
  1482 | D:3      | Reached XP level 5. HP: 47/47 MP: 4/4
  1753 | D:3      | Identified the +1 cloak "Goofim" {rC+++ Int-5 Dex+2 SInv}
  2234 | D:4      | Found Qoxix's General Store.
  2391 | D:4      | Noticed Eustachio
  2403 | D:4      | Killed Eustachio
  2404 | D:4      | Reached skill level 5 in Fighting
  2404 | D:4      | Reached skill level 5 in Axes
  2404 | D:4      | Reached skill level 4 in Armour
  2404 | D:4      | Reached XP level 6. HP: 56/56 MP: 5/5
  3098 | D:5      | Entered Level 5 of the Dungeon
  3098 | D:5      | Noticed an ice beast
  3247 | D:5      | Found a runed translucent gate.
  3288 | D:5      | Found a shimmering blue altar of Sif Muna.
  3319 | D:5      | Reached skill level 5 in Armour
  3319 | D:5      | Reached XP level 7. HP: 62/62 MP: 6/6
  3378 | D:5      | Found a runed translucent gate.
  3378 | D:5      | Found a runed translucent gate.
  3618 | D:5      | Found Ashyxesh's Antique Weapon Boutique.
  3647 | D:5      | Noticed grandjackal's ghost (novice DsGl)
  3915 | D:6      | Reached skill level 5 in Dodging
  4296 | D:6      | Reached skill level 6 in Armour
  4296 | D:6      | Reached XP level 8. HP: 69/71 MP: 7/7
  4632 | D:6      | Found a staircase to the Ecumenical Temple.
  4848 | D:7      | Found a shimmering altar of Xom.
  4977 | D:7      | Found a flagged portal.
  5186 | D:7      | Reached *** piety under Trog
  5392 | D:8      | Identified 3 scrolls of acquirement
  5392 | D:8      | Acquired a manual of Armour
  5773 | D:8      | Noticed a komodo dragon
  5865 | D:8      | Killed a komodo dragon
  5866 | D:8      | Reached XP level 9. HP: 79/79 MP: 8/8
  6208 | D:8      | Found a basalt altar of Yredelemnul.
  6214 | D:8      | Found a blossoming altar of Fedhas.
  6433 | D:9      | Reached skill level 10 in Axes
  6491 | D:9      | Found a glowing silver altar of Zin.
  6492 | D:9      | Found an opulent altar of Gozag.
  7046 | D:9      | Killed an unseen horror
  7382 | D:9      | Found an iron altar of Okawaru.
  7638 | D:9      | Noticed a skeletal warrior
  7649 | D:9      | Killed a skeletal warrior
  7650 | D:9      | Reached XP level 10. HP: 69/86 MP: 9/9
  7734 | D:9      | Found the +5 scythe "Finisher" {speed, execute}
  7945 | D:9      | Found a white marble altar of Elyvilon.
  7948 | D:9      | Found a burning altar of Makhleb.
  7950 | D:9      | Found a radiant altar of Vehumet.
  7951 | D:9      | Found a stormy altar of Qazlal.
  7955 | D:9      | Found a bloodstained altar of Trog.
  8017 | D:10     | Entered Level 10 of the Dungeon
  8427 | D:10     | Noticed a two-headed ogre
  8436 | D:10     | Killed a two-headed ogre
  8904 | D:10     | Reached skill level 15 in Axes
  9358 | D:10     | Found a staircase to the Orcish Mines.
  9787 | D:11     | Noticed a cyclops
  9787 | D:11     | Found a staircase to the Lair.
  9983 | D:10     | Reached XP level 11. HP: 66/92 MP: 10/10
 10066 | D:11     | Reached skill level 8 in Armour
 10105 | D:11     | Reached skill level 9 in Armour
 10128 | D:11     | Noticed a boulder beetle
 10147 | D:11     | Killed a boulder beetle
 10148 | D:11     | Reached skill level 10 in Armour
 10244 | D:11     | Reached skill level 11 in Armour
 10423 | D:11     | Found a runed translucent door.
 10423 | D:11     | Noticed wildpjah's ghost (novice DsGl)
 10424 | D:11     | Noticed a fire crab
 10624 | D:11     | Found Hegyruf's Jewellery Shop.
 11144 | D:12     | HP: 3/92 [barbs]
 11504 | D:12     | Reached skill level 12 in Armour
 11551 | D:12     | Noticed a brown ugly thing
 11564 | D:12     | Killed a brown ugly thing
 11704 | D:12     | Reached skill level 13 in Armour
 11881 | D:12     | Reached skill level 14 in Armour
 12064 | D:12     | Reached skill level 15 in Armour
 12170 | D:12     | Noticed a cyan ugly thing
 12184 | D:12     | Killed a cyan ugly thing
 12336 | D:12     | Reached skill level 16 in Armour
 12701 | D:11     | Reached **** piety under Trog
 12749 | D:12     | Reached skill level 17 in Armour
 12789 | D:12     | Found Omaopyz's Book Emporium.
 12791 | D:12     | Noticed a two-headed ogre
 12798 | D:12     | Killed a two-headed ogre
 12799 | D:12     | Reached XP level 12. HP: 98/100 MP: 11/11
 13087 | D:12     | Acquired the +0 hat "Urykk" {Fly MP+9 Str+3}
 13288 | D:13     | Noticed a tengu warrior
 13290 | D:13     | Noticed a tengu warrior
 13297 | D:13     | Killed a tengu warrior
 13298 | D:13     | Reached skill level 18 in Armour
 13299 | D:13     | Killed a tengu warrior
 13540 | D:13     | Noticed a centaur warrior
 13547 | D:13     | Killed a centaur warrior
 13586 | D:13     | Noticed a vault guard
 13599 | D:13     | Killed a vault guard
 13603 | D:13     | Found a gate to the Vaults.
 13614 | D:13     | Noticed a five-headed hydra
 13834 | D:13     | Noticed a boulder beetle
 13851 | D:13     | Killed a boulder beetle
 13852 | D:13     | Reached skill level 10 in Fighting
 13861 | D:13     | Noticed a four-headed hydra
 13887 | D:12     | Killed a four-headed hydra
 14050 | D:13     | Identified the +2 trident "Laatiqegg" {distort, rElec}
 14185 | D:13     | Reached skill level 19 in Armour
 14632 | D:14     | Identified the +8 chain mail of the Well-Known Wishes
                  | {Str+3}
 14805 | D:14     | Noticed a tengu warrior
 14824 | D:14     | Killed a tengu warrior
 15228 | D:14     | Noticed a boulder beetle
 15236 | D:14     | Found a shimmering blue altar of Sif Muna.
 15254 | D:14     | Killed a boulder beetle
 15771 | D:15     | Entered Level 15 of the Dungeon
 15771 | D:15     | Noticed a boulder beetle
 15771 | D:15     | Noticed a five-headed hydra
 15784 | D:14     | Killed a one-headed hydra
 15875 | D:15     | Killed a boulder beetle
 16016 | D:15     | Noticed a catoblepas
 16044 | D:15     | Killed a catoblepas
 16045 | D:15     | Reached XP level 13. HP: 117/117 MP: 12/12
 16399 | D:15     | Reached skill level 20 in Armour
 17431 | D:15     | Found a blossoming altar of Fedhas.
 17650 | D:15     | Acquired 634 gold pieces
 18097 | D:15     | Found a staircase to the Depths.
 18498 | D:11     | Bought the necklace of Bloodlust {Fury *Rage Will++ Int-3
                  | Slay+6} for 724 gold pieces
 18498 | D:11     | Found the necklace of Bloodlust {Fury *Rage Will++ Int-3
                  | Slay+6}
 18813 | Depths:1 | Entered Level 1 of the Depths
 18816 | Depths:1 | Noticed an ettin
 18822 | Depths:1 | Killed an ettin
 18912 | Depths:1 | Found a magical portal.
 20023 | Depths:1 | Reached skill level 21 in Armour
 20314 | Depths:1 | Noticed a sphinx
 20323 | Depths:1 | Killed a sphinx
 20376 | Depths:1 | Noticed a stone giant
 20385 | Depths:1 | Killed a stone giant
 20386 | Depths:1 | Reached XP level 14. HP: 133/133 MP: 13/13
 20401 | Depths:1 | Noticed a green very ugly thing
 20411 | Depths:1 | Noticed a green very ugly thing
 20431 | Depths:1 | Killed a green very ugly thing
 20523 | Depths:1 | Found a one-way gate to the infinite horrors of the Abyss.
 20547 | Depths:1 | Found a gateway to Hell.
 20547 | Depths:1 | Noticed a stone giant
 20579 | Depths:1 | Noticed a green very ugly thing
 20594 | Depths:1 | Killed a stone giant
 20773 | Depths:1 | Reached skill level 15 in Fighting
 20968 | Depths:1 | Noticed a balrug
 20968 | Depths:1 | Noticed a reaper
 20975 | Depths:1 | Killed a reaper
 20980 | Depths:1 | Killed a balrug
 21505 | Depths:1 | Noticed a green very ugly thing
 21541 | Depths:1 | Killed a red very ugly thing
 21542 | Depths:1 | Reached skill level 22 in Armour
 21613 | Depths:1 | Noticed a green very ugly thing
 21634 | Depths:1 | Killed a green very ugly thing
 21635 | Depths:1 | Killed a green very ugly thing
 21637 | Depths:1 | HP: 3/204 [poisoned by a green very ugly thing]
 21638 | Depths:1 | Succumbed to a green very ugly thing's poison

Illustrated notes

Levels and vault maps discovered:
D:1:      tarquinn_simple_flora_water_f, layout_basic, serial_shops, shop,
          hellmonk_ecumenical_altar_blasted
D:2:      layout_basic, basic_altar, serial_shops, shop, uniq_natasha
D:3:      layout_loops_ring, minmay_stone_trees_medium, corexii_hall_statues_s
D:4:      layout_loops_corners, serial_shops, nicolae_shop_crystal,
          uniq_eustachio
D:5:      layout_rooms, mainiacjoe_overflow_six_doors_small,
          gammafunk_ghost_icy, serial_shops, kennysheep_little_box
D:6:      layout_basic, minmay_temple_entry_sparse_star, dk_rats_in_the_wall
D:7:      layout_loops_cross, mainiacjoe_overflow_small_starburst,
          enter_bailey_6, grunt_ministairs_14
D:8:      layout_rooms, mainiacjoe_overflow_big_doors, minmay_lizard_king
D:9:      layout_irregular_city, grunt_temple_overflow_gold_and_silver,
          minitemple, kennysheep_donut, nrook_loot_triangle,
          minmay_crystal_room, minmay_guarded_unrand_finisher
D:10:     layout_long_grid, hiddenorc1_lemuel, lemuel_flamethrower_2
D:11:     layout_loops_ring, minmay_lair_entry_grove, serial_shops,
          nicolae_shop_back_alley_shop, ebering_ghost_inner_flame
D:12:     layout_irregular_city, gauntlet_entry_generic, serial_demonic,
          serial_demonic_e, serial_demonic_f, serial_demonic_c,
          serial_demonic_g, serial_demonic_g, serial_demonic_e, serial_shops,
          shop
D:13:     layout_stronghold, erik_vaults_1, minmay_misc_feat_doors
D:14:     layout_basic, serial_library_hellmonk_hallway_a,
          serial_library_hellmonk_statue_hall, grunt_decor_mini_mirrors
D:15:     grunt_enter_depths_magical_seal, layout_loops_corners, fedhas_altar_2
Depths:1: layout_honeycomb, abyss_entry_glasseish, mu_enter_wizlab_4,
          pf_dread_powers_of_hell, xom_confusion_cloud

Skill      XL: |  1  2  3  4  5  6  7  8  9 10 11 12 13 14 |
---------------+-------------------------------------------+-----
Fighting       | 4 5 6 7 11 14 15 | 15.9
Axes           | 4 5 6 9 13 16 | 16.8
Armour         | 3 4 5 6 17 19 21 22 | 22.1
Dodging        | 3 4 5 6 |  6.3

Action                     |  1- 3 |  4- 6 |  7- 9 | 10-12 | 13-15 || total
---------------------------+-------+-------+-------+-------+-------++-------
  Melee: Hand axe          |    53 |   105 |     2 |       |       ||   160
         Headbutt          |     8 |    23 |    42 |   111 |    69 ||   253
         Punch             |       |     1 |       |       |       ||     1
         War axe           |       |       |   241 |   471 |   255 ||   967
         Unarmed           |       |       |       |    13 |       ||    13
         Scimitar          |       |       |       |     7 |       ||     7
  Throw: Boomerang         |       |       |       |    39 |    17 ||    56
         Dart              |       |       |       |    60 |     7 ||    67
         Throwing net      |       |       |       |     1 |       ||     1
         Javelin           |       |       |       |       |     2 ||     2
 Invoke: Berserk           |       |     1 |     5 |     5 |     2 ||    13
         Trog's Hand       |       |     1 |     3 |     9 |     4 ||    17
  Evoke: Wand              |       |       |       |    15 |     1 ||    16
    Use: Scroll            |       |     8 |     6 |     9 |     6 ||    29
         Potion            |       |       |     3 |     2 |       ||     5
 Armour: Animal skin       |     8 |       |       |       |       ||     8
         Chain mail        |    31 |     1 |   159 |   248 |   222 ||   661
         Ring mail         |       |    57 |   133 |       |       ||   190
         Plate armour      |       |       |       |   190 |       ||   190
  Dodge: Dodged            |    27 |    34 |   104 |   187 |   119 ||   471
  Block: Other             |     3 |    15 |       |       |       ||    18
         Tower shield      |       |    31 |   326 |   501 |   164 ||  1022
         Reflection        |       |     1 |    18 |    22 |     3 ||    44

Table legend: (Time is in decaauts)
 A = Elapsed time spent in this place.
 B = Non-inter-level travel time spent in this place.
 C = Inter-level travel time spent in this place.
 D = Time resting spent in this place.
 E = Time spent auto-exploring this place.
 F = Levels seen in this place.
 G = Mean time per level.
                   A        B        C        D        E       F      G
               +--------+--------+--------+--------+--------+-----+--------+
         Total |  22103 |  21982 |    121 |   6335 |  10231 |  16 | 1381.4 |
       Dungeon |  19830 |  19709 |    121 |   5300 |   9754 |  15 | 1322.0 |
        Depths |   2273 |   2273 |      0 |   1034 |    477 |   1 | 2273.0 |
               +--------+--------+--------+--------+--------+-----+--------+

Top non-repeatable levels by time:
    D:15: 3256 daAuts
Depths:1: 2273 daAuts
    D:11: 1821 daAuts
     D:9: 1747 daAuts
    D:12: 1729 daAuts
    D:10: 1667 daAuts
    D:14: 1527 daAuts
     D:8: 1363 daAuts
    D:13: 1204 daAuts
     D:4: 1019 daAuts
     D:6: 960 daAuts
     D:2: 898 daAuts
     D:5: 707 daAuts
     D:3: 703 daAuts
     D:1: 622 daAuts
